 Dungeon Crawl Stone Soup version 0.21.1-1-g345015f (webtiles) character file.

15 shakethe the Sneak (level 2, -1/19 HPs)
             Began as a Vampire Enchanter on Feb 18, 2018.
             Slain by a water moccasin skeleton (4 damage)
             ... on level 2 of the Dungeon.
             The game lasted 00:03:39 (927 turns).

shakethe the Sneak (Vampire Enchanter)               Turns: 927, Time: 00:03:40

Health: -1/19      AC:  1    Str:  7    XL:     2   Next: 34%
Magic:  5/5        EV: 12    Int: 17    God:
Gold:   35         SH:  0    Dex: 14    Spells: 4/5 levels left

rFire    . . .     SeeInvis +   a - +1 dagger
rCold    . . .     Gourm    .   (no shield)
rNeg     + . .     Faith    .   f - -1 robe (curse)
rPois    .         Spirit   .   (no helmet)
rElec    .         Reflect  .   (no cloak)
rCorr    .         Harm     .   (no gloves)
MR       .....                  (no boots)
Stlth    +++.......             (no amulet)
HPRegen  0.06/turn              (no ring)
MPRegen  0.09/turn              (no ring)

@: no status effects
A: fangs 3, see invisible, unbreathing
a: no special abilities


You were on level 2 of the Dungeon.
You were not thirsty.

You visited 1 branch of the dungeon, and saw 2 of its levels.

You collected 35 gold pieces.

Inventory:

Hand Weapons
 a - a +1 dagger (weapon)
Armour
 b - a +0 robe
 f - a cursed -1 robe (worn)
   (You found it on level 1 of the Dungeon)
Scrolls
 e - a scroll of remove curse {unknown}
 g - 2 scrolls of blinking {unknown}
 j - a scroll of identify {unknown}
 m - a scroll of enchant weapon {unknown}
Potions
 d - 4 potions of blood {@q1}
 i - a potion of berserk rage {unknown}
 k - a potion of cancellation {unknown}
 l - 2 potions of resistance {unknown}
Books
 c - a book of Maledictions
Comestibles
 h - 2 rations


   Skills:
 - Level 1.1 Short Blades
 - Level 2.1 Dodging
 * Level 5.2 Stealth
 + Level 2.2 Spellcasting
 + Level 4.7 Hexes


You had 4 spell levels left.
You knew the following spells:

 Your Spells              Type           Power        Failure   Level  Hunger
v - Corona                Hex            ###....      2%          1    #......


Dungeon Overview and Level Annotations

Branches:
Dungeon (2/15)

Altars:
Dithmenos


Innate Abilities, Weirdness & Mutations

You have razor-sharp teeth.
You have supernaturally acute eyesight. (SInv)
You can survive without breathing.


Message History

k - a fuming black potion You now have 31 gold pieces (gained 16).
l - 2 emerald potions You regained 3 hp, and now have 17/19 hp.
You now have 35 gold pieces (gained 4).
m - a scroll labeled VYIPROAPAR
Found a stone staircase leading down.
You open the door.
A hobgoblin comes into view. It is wielding a club.
The hobgoblin shouts!
There is an open door here.
Health restored: 19 You hit the hobgoblin but do no damage.
The hobgoblin hits you with a club.
You take 3 damage, and have 16/19 hp.
You closely miss the hobgoblin. The hobgoblin hits you with a club.
You take 4 damage, and have 12/19 hp.
MASSIVE DAMAGE!!
You hit the hobgoblin. The hobgoblin barely misses you.
You hit the hobgoblin but do no damage. The hobgoblin misses you.
You barely miss the hobgoblin. The hobgoblin hits you with a club.
You take 6 damage, and have 6/19 hp.
MASSIVE DAMAGE!!
There is an open door here.
There is an open door here.
You close the door.
A hobgoblin opens the door.
You close the door.
A hobgoblin opens the door.
You close the door.
A hobgoblin opens the door.
You close the door.
A hobgoblin opens the door.
You close the door.
A hobgoblin opens the door.
You close the door.
A hobgoblin opens the door.
You close the door.
A hobgoblin opens the door.
You close the door.
A hobgoblin opens the door.
You close the door.
A hobgoblin opens the door.
You close the door.
A hobgoblin opens the door.
As you close the door, it creaks loudly!
A hobgoblin opens the door.
You close the door.
A hobgoblin opens the door.
As you close the door, it creaks loudly!
A hobgoblin opens the door.
You close the door.
A hobgoblin opens the door.
You close the door.
A hobgoblin opens the door.
There's a creature in the doorway!
There's a creature in the doorway!
You see here a stone.
The hobgoblin closely misses you.
The hobgoblin hits you but does no damage.
You open the door. The hobgoblin hits you with a club.
You take 4 damage, and have 9/19 hp.
MASSIVE DAMAGE!!
The hobgoblin misses you.
There is an open door here.
The hobgoblin hits you with a club.
You take 2 damage, and have 7/19 hp.
You open the door.
There is an open door here.
The hobgoblin closely misses you.
There is an open door here.
There is a stone staircase leading down here.
You climb downwards.
A rat comes into view.
Found a hand axe.
Found a stone staircase leading down.
There is a stone staircase leading up here.
The helpless rat fails to defend itself.
You puncture the rat!
You kill the rat!
You see here a rat corpse.
You bottle the corpse's blood.
d - 4 potions of blood {@q1} (gained 1)
There is a stone staircase leading up here.
You start resting.
A giant cockroach comes into view.
You regained 4 hp, and now have 14/19 hp.
A rat comes into view.
Found a shadowy altar of Dithmenos.
You strike the helpless giant cockroach from behind!
You puncture the giant cockroach!
You kill the giant cockroach!
A water moccasin skeleton comes into view.
The water moccasin skeleton barely misses you.
You hit the rat but do no damage. The rat bites you.
The water moccasin skeleton barely misses you.
You take 2 damage, and have 13/19 hp.
You barely miss the rat. The rat barely misses you.
The water moccasin skeleton barely misses you.
You hit the rat. The water moccasin skeleton bites you!
The rat bites you but does no damage.
You take 7 damage, and have 6/19 hp.
MASSIVE DAMAGE!!
A leopard gecko comes into view.
The leopard gecko hisses angrily.
The water moccasin skeleton bites you.
* * * LOW HITPOINT WARNING * * *
You take 3 damage, and have 3/19 hp.
Unknown command.
The leopard gecko closely misses you.
The leopard gecko hisses menacingly.
The water moccasin skeleton completely misses you.
There is a stone staircase leading up here.
The water moccasin skeleton bites you.
You die...

# ... #..
#.#.###.## #.8
.........# #.#
.......)..# #.#
#...#####r# #.#
#........# #.#
#.######.####.##
#....)..r.l..#
...####.####Z@#
#.# #..# ..#
#..# ##.# #..#
#.# #..# #.#
#.># ..# #..#
#.# #..#


You could see a leopard gecko, a rat and a water moccasin skeleton.

Vanquished Creatures
  2 giant cockroaches
  3 hobgoblins (D:1)
  2 jackals (D:1)
  A kobold (D:1)
  A ball python (D:1)
  A bat (D:1)
  A frilled lizard (D:1)
  A goblin (D:1)
  2 rats
14 creatures vanquished.

Notes
Turn   | Place    | Note
-------+----------+-------------------------------------------
     0 | D:1      | shakethe the Vampire Enchanter began the quest for the Orb.
     0 | D:1      | Reached XP level 1. HP: 13/13 MP: 3/3
   357 | D:1      | Reached skill level 5 in Stealth
   357 | D:1      | Reached XP level 2. HP: 19/19 MP: 5/5
   896 | D:2      | Found a shadowy altar of Dithmenos.
   919 | D:2      | HP: 3/19 [water moccasin skeleton (4)]
   927 | D:2      | Slain by a water moccasin skeleton

Skill      XL: |  1 |
---------------+----+-----
Stealth        | 5 |  5.2
Short Blades   | |  1.1
Dodging        | |  2.1
Spellcasting   | |  2.2
Hexes          | |  4.7

Action                   || total
-------------------------++-------
Melee: Dagger            ||    43
       Bite              ||     3
 Stab: Sleeping          ||     7
       Distracted        ||     1
Armor: Robe              ||     6
Dodge: Dodged            ||    43

Vault maps used:
D:1:      roderic_octagonal_star
D:2:      grunt_dithmenos_smoke, minitemple, first_ration, uniq_jessica

Table legend:
 A = Turns spent in this place as a percentage of turns spent in the entire game.
 B = Non-inter-level travel turns spent in this place as a percentage of non-inter-level travel turns spent in the entire game.
 C = Inter-level travel turns spent in this place as a percentage of turns spent in this place.
 D = Turns resting spent in this place as a percentage of non-inter-level travel turns spent in this place.
 E = Turns spent auto-exploring this place as a percentage of non-inter-level travel turns spent in this place.
 F = Non-inter-level travel turns spent in this place divided by the number of levels of this place that you've seen.
                   A       B       C       D       E      F
               +-------+-------+-------+-------+-------+----------------------
         Total | 100.0 | 100.0 |   0.0 |   6.1 |  35.7 | 463.5
       Dungeon | 100.0 | 100.0 |   0.0 |   6.1 |  35.7 | 463.5
               +-------+-------+-------+-------+-------+----------------------

Table legend:
 A = Kills in this place as a percentage of kills in entire the game.
 B = Kills by you in this place as a percentage of kills by you in the entire game.
 C = Kills by friends in this place as a percentage of kills by friends in the entire game.
 D = Other kills in this place as a percentage of other kills in the entire game.
 E = Experience gained in this place as a percentage of experience gained in the entire game.
 F = Experience gained in this place divided by the number of levels of this place that you have seen.
                   A       B       C       D       E      F
               +-------+-------+-------+-------+-------+----------------------
         Total | 100.0 | 100.0 |   N/A |   N/A | 100.0 |  11.0
       Dungeon | 100.0 | 100.0 |   N/A |   N/A | 100.0 |  11.0
               +-------+-------+-------+-------+-------+----------------------
